 Dungeon Crawl Stone Soup version 0.32-a0-953-g508020473e (webtiles) character file.

Game seed: 4014251304058360911

185 hikkokomori the Trooper (level 5, -2/47 HPs)
             Began as a Mountain Dwarf Fighter on Apr 16, 2024.
             Slain by a black bear (5 damage)
             ... on level 4 of the Dungeon.
             The game lasted 00:04:08 (2272 turns).

hikkokomori the Trooper (Mountain Dwarf Fighter)    Turns: 2272, Time: 00:04:08

Health: -2/47      AC:  3    Str: 19    XL:     5   Next: 37%
Magic:  5/5        EV:  9    Int: 10    God:
Gold:   91         SH:  4    Dex:  9    Spells: 4/4 levels left

rFire   . . .        a - +0 war axe
rCold   . . .        c - +0 buckler
rNeg    . . .        s - +0 troll leather armour
rPois   .            (no helmet)
rElec   .            (no cloak)
rCorr   .            (no gloves)
SInv    .            (no boots)
Will    .....        i - amulet of the acrobat
Stlth   +            (no ring)
HPRegen 1.07/turn    (no ring)
MPRegen 0.09/turn

%: acrobat
@: mighty
A: runic magic, artefact enchanting
a: no special abilities


You were on level 4 of the Dungeon.
You visited 1 branch of the dungeon, and saw 4 of its levels.

You collected 91 gold pieces.

Inventory:

Hand Weapons
 a - a +0 war axe (weapon)
 n - a +2 heavy hand axe
 r - a +0 flail of venom
Armour
 b - a +0 scale mail
 c - a +0 buckler (worn)
 s - a +0 troll leather armour (worn)
Jewellery
 i - an amulet of the acrobat (around neck)
Scrolls
 f - a scroll of blinking
 g - a scroll of poison
 h - a scroll of silence {unknown}
 j - a scroll of fog {unknown}
 k - a scroll of revelation {unknown}
 l - 2 scrolls of amnesia {unknown}
 o - a scroll of fear {unknown}
 q - 4 scrolls of identify
Potions
 e - a potion of magic
 m - 2 potions of enlightenment {unknown}
 p - 2 potions of curing


   Skills:
 + Level 4.7 Fighting
 + Level 4.3 Axes
 - Level 3.3 Armour
 + Level 4.7 Shields


You had 4 spell levels left.
You didn't know any spells.
Your spell library contained the following spells:

 Spells                   Type           Power      Damage    Failure   Level
 Kiss of Death            Conj/Necr      0%         2d5       43%         1
 Confusing Touch          Hex            0%         N/A       82%         3
 Dispel Undead            Necr           0%         3d6       99%         4


Dungeon Overview and Level Annotations

Branches:
Dungeon (4/15)
 Temple: D:4-7

Altars:
Ru
Xom

Shops:
D:2 :


Innate Abilities, Weirdness & Mutations

Your spellcasting is much less encumbered by armour.
You can use scrolls of enchantment on lesser artefacts.


Message History

You are too injured to fight recklessly!
You are too injured to fight recklessly!
You are too injured to fight recklessly!
You are too injured to fight recklessly!
You are too injured to fight recklessly!
You are too injured to fight recklessly!
You hit the black bear but do no damage.
The black bear is moderately wounded.
The black bear bites you. You block the black bear's attack.
The black bear completely misses you.
You slash the black bear!
The black bear is heavily wounded.
You block the black bear's attack. x2; The black bear barely misses you.
You barely miss the black bear.
The black bear is heavily wounded.
The black bear closely misses you. The black bear barely misses you.
The black bear claws you.
You barely miss the black bear.
The black bear is heavily wounded.
The black bear misses you. The black bear barely misses you.
The black bear claws you but does no damage.
The black bear bites you. The black bear claws you.
The black bear claws you but does no damage.
You hit the black bear.
The black bear is severely wounded.
The black bear goes berserk!
You barely miss the black bear.
The black bear is severely wounded.
The black bear bites you. The black bear claws you.
The black bear completely misses you. The black bear bites you!
* * * LOW HITPOINT WARNING * * *
The black bear claws you but does no damage.
The black bear completely misses you.
You feel very mighty all of a sudden. You block the black bear's attack.
The black bear claws you.
* * * LOW HITPOINT WARNING * * *
The black bear claws you.
* * * LOW HITPOINT WARNING * * *
The black bear barely misses you. The black bear claws you.
You die...

########
#...... .....
... #h# ##@#
### #. #..#
..##. ##.## #
..#.##..###
####
#.........#
...#
#.##.##...###
##†###
#..#.##.....#
.....#
#....####.###
#.##.#
#.....###..#


You could see a black bear (berserk).

Vanquished Creatures
  A scorpion (D:4)
  6 adders
  A ribbon worm (D:2)
  3 dart slugs
  An orc (D:2)
  6 ball pythons
  2 endoplasms
  5 giant cockroaches
  5 hobgoblins
  2 jackals (D:1)
  7 kobolds
  2 quokkas
  7 bats
  4 frilled lizards
  6 goblins
  8 rats
66 creatures vanquished.

Notes
Turn   | Place    | Note
-------+----------+-------------------------------------------
     0 | D:1      | hikkokomori the Mountain Dwarf Fighter began the quest for
                  | the Orb.
     0 | D:1      | Reached XP level 1. HP: 19/19 MP: 1/1
   177 | D:1      | Reached XP level 2. HP: 21/26 MP: 2/2
   383 | D:1      | Found a faded altar of an unknown god.
   887 | D:2      | Reached XP level 3. HP: 29/33 MP: 3/3
   990 | D:2      | Found a sacrificial altar of Ru.
  1204 | D:2      | Found Cuyqi's Book Boutique.
  1212 | D:2      | Reached XP level 4. HP: 35/40 MP: 4/4
  1894 | D:3      | Found a sacrificial altar of Ru.
  1947 | D:3      | Found a shimmering altar of Xom.
  2183 | D:4      | Noticed a scorpion
  2195 | D:4      | Killed a scorpion
  2196 | D:4      | Reached XP level 5. HP: 25/47 MP: 5/5
  2260 | D:4      | Noticed a black bear
  2272 | D:4      | Slain by a black bear

Illustrated notes

Levels and vault maps discovered:
D:1:      dpeg_arrival_solitude, layout_loops_ring, basic_ecumenical_altar,
          lemuel_flame_loot_1
D:2:      layout_rooms, serial_shops, shop, basic_altar
D:3:      layout_loops_ring, mainiacjoe_overflow_surrounded_room,
          mainiacjoe_overflow_six_doors_small
D:4:      layout_rooms, serial_shops, nicolae_shop_behind_doors, shop,
          shop_statue, kennysheep_mini_moat, uniq_crazy_yiuf_cottage

Skill      XL: |  1  2  3  4 |
---------------+-------------+-----
Axes           | 3 4 |  4.3
Fighting       | 4 |  4.7
Shields        | 4 |  4.7
Armour         | |  3.3

Action                     |  1- 3 |  4- 6 || total
---------------------------+-------+-------++-------
  Melee: War axe           |   105 |   105 ||   210
    Use: Scroll            |     3 |       ||     3
         Potion            |       |     2 ||     2
 Armour: Scale mail        |    87 |    52 ||   139
         Troll leather arm |       |    33 ||    33
  Dodge: Dodged            |    52 |    75 ||   127
  Block: Buckler           |    20 |    25 ||    45

Table legend: (Time is in decaauts)
 A = Elapsed time spent in this place.
 B = Non-inter-level travel time spent in this place.
 C = Inter-level travel time spent in this place.
 D = Time resting spent in this place.
 E = Time spent auto-exploring this place.
 F = Levels seen in this place.
 G = Mean time per level.
                   A        B        C        D        E       F      G
               +--------+--------+--------+--------+--------+-----+--------+
         Total |   2347 |   2282 |     65 |     27 |   1712 |   4 |  586.8 |
       Dungeon |   2347 |   2282 |     65 |     27 |   1712 |   4 |  586.8 |
               +--------+--------+--------+--------+--------+-----+--------+

Top non-repeatable levels by time:
     D:1: 857 daAuts
     D:3: 698 daAuts
     D:2: 687 daAuts
     D:4: 104 daAuts
